 Dungeon Crawl Stone Soup version 0.20-a0-1124-g2e29d97 (webtiles) character file.

218 JeffiDaFish the Shield-Bearer (level 5, -18/33 HPs)
             Began as a Gargoyle Fighter on May 15, 2017.
             Demolished by an ogre
             ... wielding a +0 giant club
              (22 damage)
             ... on level 3 of the Dungeon on May 16, 2017.
             The game lasted 00:03:30 (1575 turns).

JeffiDaFish the Shield-Bearer (Gargoyle Fighter)    Turns: 1575, Time: 00:03:30

Health: -18/33     AC: 13    Str: 19    XL:     5   Next: 95%
Magic:  5/5        EV:  7    Int:  9    God:
Gold:   78         SH:  9    Dex: 10    Spells: 4/4 levels left

rFire    . . .     SeeInvis .   a - +0 flail
rCold    . . .     Gourm    .   c - +0 shield
rNeg     + . .     Faith    .   b - +0 scale mail
rPois    ∞         Spirit   .   e - +1 helmet
rElec    +         Reflect  .   (no cloak)
rCorr    .         Harm     .   (no gloves)
MR       .....                  (no boots)
Stlth    ..........             (no amulet)
Regen    0.2/turn               (no ring)
MPRegen  0.1/turn               (no ring)

@: no status effects
A: negative energy resistance 1, electricity resistance, unbreathing,
petrification resistance, rot immunity, AC +4
a: no special abilities


You were on level 3 of the Dungeon.
You were not hungry.

You visited 1 branch of the dungeon, and saw 3 of its levels.

You collected 78 gold pieces.

Inventory:

Hand Weapons
 a - a +0 flail (weapon)
 h - a +3 whip
Armour
 b - a +0 scale mail (worn)
 c - a +0 shield (worn)
 e - a +1 helmet (worn)
Scrolls
 g - 3 scrolls of enchant weapon {unknown}
 k - a scroll of teleportation
 l - a scroll of remove curse
Comestibles
 f - 2 bread rations
 i - 2 royal jellies
 j - 4 meat rations


   Skills:
 + Level 3.7 Fighting
 + Level 3.6 Maces & Flails
 + Level 4.1 Armour
 + Level 0.8 Dodging
 + Level 0.2 Stealth
 + Level 4.9 Shields


You had 4 spell levels left.
You didn't know any spells.

Dungeon Overview and Level Annotations

Branches:
Dungeon (3/15)

Altars:
The Shining One


Innate Abilities, Weirdness & Mutations

You are resistant to torment.
Your stone body is resilient. (AC +4)
You are immune to poison.
You resist negative energy. (rN+)
You are resistant to electric shocks. (rElec)
You can survive without breathing.
You are immune to petrification.
You are immune to rotting.


Message History

The ogre is moderately wounded.
You block the ogre's attack.
You hit the ogre.
The ogre is moderately wounded.
You block the ogre's attack.
You sock the ogre!
The ogre is almost dead.
You block the ogre's attack.
You barely miss the ogre.
The ogre is almost dead.
The ogre hits you with a giant club!!
Ouch! That really hurt!
* * * LOW HITPOINT WARNING * * *
You are too injured to fight recklessly!
You are too injured to fight recklessly!
You barely miss the ogre.
The ogre is almost dead.
The ogre hits you with a giant club!!
Ouch! That really hurt!
You die...

....# ... ...
... #.# #.#
#O# .#.####@#
.......<#
.............#
#####!########
#. #. . .


You could see an ogre.

Vanquished Creatures
  Sigmund (D:2)
  An adder (D:2)
  A leopard gecko (D:1)
  A ball python (D:1)
  4 giant cockroaches
  7 goblins
  6 hobgoblins
  2 kobolds
  7 bats
  3 frilled lizards
  5 rats
38 creatures vanquished.

Notes
Turn   | Place    | Note
-------+----------+-------------------------------------------
     0 | D:1      | JeffiDaFish the Gargoyle Fighter began the quest for the Orb.
     0 | D:1      | Reached XP level 1. HP: 14/14 MP: 1/1
   140 | D:1      | Reached XP level 2. HP: 19/19 MP: 2/2
   681 | D:2      | Reached XP level 3. HP: 23/23 MP: 3/3
   951 | D:2      | Found a glowing golden altar of the Shining One.
  1445 | D:2      | Noticed Sigmund
  1456 | D:2      | Killed Sigmund
  1456 | D:2      | Reached XP level 4. HP: 29/29 MP: 4/4
  1456 | D:2      | Reached XP level 5. HP: 33/33 MP: 5/5
  1568 | D:3      | Noticed an ogre
  1575 | D:3      | Demolished by an ogre

Vault maps used:
D:1:      lightli_arrival_quake, minmay_misc_feat_iff
D:2:      nicolae_tso_carved_into_rock, uniq_sigmund
D:3:      grunt_gozag_statues

Skill      XL: |  1  2  3 |
---------------+----------+-----
Armour         | 4 |  4.1
Maces & Flails | 3 |  3.6
Shields        | 4 |  4.9
Fighting       | |  3.7
Dodging        | |  0.8
Stealth        | |  0.2

Action                   |  1- 3 |  4- 6 || total
-------------------------+-------+-------++-------
Melee: Flail             |   137 |    12 ||   149
  Use: Scroll            |     4 |       ||     4
       Potion            |     4 |       ||     4
  Eat: Chunk             |     2 |       ||     2
Armor: Scale mail        |    73 |     2 ||    75
Dodge: Dodged            |    42 |     1 ||    43
Block: Shield            |    77 |     5 ||    82
